 Dungeon Crawl Stone Soup version 0.30.1-11-g7821555f0a (webtiles) character file.

Game seed: 2597589141639419125

3973 Cheops the Fighter (level 10, -3/108 (114) HPs)
             Began as an Ogre Fighter on Dec 11, 2023.
             Was a Follower of the Shining One.
             Slain by a killer bee (7 damage)
             ... on level 10 of the Dungeon.
             The game lasted 00:20:20 (10490 turns).

Cheops the Fighter (Ogre Fighter)                  Turns: 10490, Time: 00:20:21

HP:   -3/108 (114)  AC:  3    Str: 26    XL:     10   Next: 22%
MP:   10/10         EV:  8    Int:  9    God:    the Shining One [*.....]
Gold: 429           SH:  7    Dex:  8    Spells: 9/9 levels left

rFire   + + +        a - +1 morningstar
rCold   + . .        c - +0 kite shield
rNeg    . . .        x - +0 robe {rF+}
rPois   .            (helmet restricted)
rElec   .            v - scarf {rC+ rF+}
rCorr   +            (gloves unavailable)
SInv    .            (boots unavailable)
Will    +....        (no amulet)
Stlth   +            u - ring of resist corrosion
HPRegen 0.38/turn    B - ring of protection from fire
MPRegen 0.12/turn

%: no passive effects
@: brilliant, lethally poisoned (-3 -> -6), glowing, drained
A: large, unfitting armour, tough skin 1
a: Renounce Religion, Divine Shield


You were on level 10 of the Dungeon.
You worshipped the Shining One.
The Shining One was aware of your devotion.
You visited 2 branches of the dungeon, and saw 9 of its levels.
You also visited: Sewer.

You collected 429 gold pieces.

Inventory:

Hand Weapons
 a - a +1 morningstar (weapon)
 b - a +2 hand axe of freezing
 e - a +5 hand axe
 A - a +0 flail
 F - a +0 battleaxe of flaming
Armour
 c - a +0 kite shield (worn)
 f - a +0 robe
 s - a +0 cloak
 v - a scarf of resistance (worn)
 x - a +0 robe of fire resistance (worn)
Jewellery
 u - a ring of resist corrosion (left hand)
 B - a ring of protection from fire (right hand)
Wands
 d - a wand of polymorph (6)
 r - a wand of digging (5)
 t - a wand of flame (32)
 G - a wand of light (6)
Scrolls
 h - a scroll of fog
 k - 4 scrolls of teleportation
 l - 4 scrolls of vulnerability
 m - a scroll of fear
 n - a scroll of blinking
 y - 4 scrolls of identify
 z - 2 scrolls of immolation
 E - a scroll of poison {unknown}
Potions
 g - 3 potions of curing {unknown}
 i - 2 potions of resistance {unknown}
 j - 3 potions of brilliance
 o - 2 potions of haste {unknown}
 p - 3 potions of magic
 q - 2 potions of cancellation {unknown}
 w - 2 potions of lignification
 C - a potion of invisibility {unknown}
 D - a potion of might
 H - a potion of attraction {unknown}


   Skills:
 + Level 11.6 Fighting
 * Level 11.0 Maces & Flails
 - Level 2.6 Dodging
 - Level 3.0 Shields


You had 9 spell levels left.
You didn't know any spells.
Your spell library contained the following spells:

 Spells                   Type           Power      Damage    Failure   Level
 Beastly Appendage        Tmut           0%         N/A       63%         1
 Sublimation of Blood     Necr           0%         N/A       77%         2
 Wereblood                Tmut           0%         N/A       77%         2
 Spider Form              Tmut/Pois      0%         N/A       94%         3
 Petrify                  Tmut/Erth      0%         N/A       100%        4
 Irradiate                Conj/Tmut      0%         3d11      100%        5


Dungeon Overview and Level Annotations

Branches:
Dungeon (7/15)             Temple (1/1) D:6           Sewer (visited)

Altars:
Cheibriados
Dithmenos
Elyvilon
Fedhas
Gozag
Hepliaklqana
Kikubaaqudgha
Makhleb
Nemelex Xobeh
Okawaru
Qazlal
Ru
Sif Muna
Trog
Uskayaw
Vehumet
Wu Jian
Xom
Yredelemnul
Zin
The Shining One

Shops:
D:5 :

Annotations:
D:3 2 transporters, ritesign's ghost, amateur KoMo


Innate Abilities, Weirdness & Mutations

You are too large for most types of armour.
You have tough skin. (AC +1)


Message History

You feel very sick. You block the killer bee's attack.
The killer bee closely misses you.
You barely miss the killer bee.
The killer bee is almost dead.
You feel sick. You block the killer bee's attack. x2
You barely miss the killer bee.
The killer bee is almost dead.
You feel sick. The killer bee stings you.
* * * LOW HITPOINT WARNING * * *
The killer bee barely misses you.
You barely miss the killer bee.
The killer bee is almost dead.
You feel sick. The killer bee stings you.
* * * LOW HITPOINT WARNING * * *
The killer bee stings you but does no damage.
You closely miss the killer bee.
The killer bee is almost dead.
You feel sick. You block the killer bee's attack. The killer bee stings you.
* * * LOW HITPOINT WARNING * * *
You barely miss the killer bee.
The killer bee is almost dead.
You feel sick. The killer bee stings you.
* * * LOW HITPOINT WARNING * * *
You are more poisoned.
The killer bee poisons you! The killer bee closely misses you.
You closely miss the killer bee.
The killer bee is almost dead.
You feel sick. The killer bee stings you.
* * * LOW HITPOINT WARNING * * *
You block the killer bee's attack.
You closely miss the killer bee.
The killer bee is almost dead.
You feel sick. You block the killer bee's attack. The killer bee stings you!
* * * LOW HITPOINT WARNING * * *
It was a potion of magic.
Magic courses through your body.
You feel sick. The killer bee barely misses you. x2
It was a potion of brilliance.
You feel clever all of a sudden.
You feel sick. The killer bee stings you!
You die...

#.# ***#..* #.#
**,**#.** ###.#
**,,,**,,* #...#
**,,*,,**,* #.###
*,,***,,*,, #.#
*,**,**,*,, ##.#
*,*,,,*,*,, #..#
*,*,*,*,*,, #@##
*,*,*∩*,*,, #y#
*,*,***,*,, *#.#
*,*,,*,,*** *>.#
*,**,,,****
**.##*****,,**,**,,,
*..,,,,,,**,,***,,*,
*..,,,,,,,**,,*,,**,
#..,,,,,,,,**,,,**,,
*,,,,,,,,,,***,**,,,


You could see a killer bee (blind).

Vanquished Creatures
  4 yaks (D:7)
  Menkaure (D:6)
  Duvessa (D:4)
  An orc warrior (D:6)
  2 black bears
  2 ogres
  2 centaurs
  A phantom (D:5)
  Blork the orc (D:5)
  A bullfrog (D:7)
  A kobold brigand (Sewer)
  7 scorpions
  14 wights
  Dowan (D:4)
  2 killer bees (D:10)
  3 howler monkeys
  4 hounds
  5 iguanas
  A jelly (D:6)
  3 orc priests
  3 sleepcaps
  4 orc wizards
  Ijyb (D:3)
  Robin (D:3)
  8 adders
  7 river rats
  2 shadow imps
  A white imp (D:5)
  2 ufetubi
  2 worms
  3 dart slugs
  23 orcs
  8 endoplasms
  4 giant cockroaches
  18 goblins
  13 hobgoblins
  18 jackals
  2 quokkas (D:5)
  11 ball pythons
  6 bats
  4 frilled lizards
  20 kobolds
  17 rats
235 creatures vanquished.

Notes
Turn   | Place    | Note
-------+----------+-------------------------------------------
     0 | D:1      | Cheops the Ogre Fighter began the quest for the Orb.
     0 | D:1      | Reached XP level 1. HP: 24/24 MP: 1/1
   104 | D:1      | Reached XP level 2. HP: 32/32 MP: 2/2
   511 | D:2      | Reached XP level 3. HP: 40/40 MP: 3/3
  1001 | D:2      | Found a shadowy altar of Dithmenos.
  1045 | D:2      | Reached XP level 4. HP: 45/49 MP: 4/4
  1238 | D:3      | Reached skill level 5 in Fighting
  1359 | D:3      | Found a glowing drain.
  1498 | Sewer    | Entered a sewer
  1534 | Sewer    | Reached XP level 5. HP: 44/57 MP: 5/5
  2142 | Sewer    | Noticed a kobold brigand
  2152 | Sewer    | Killed a kobold brigand
  2153 | Sewer    | Reached XP level 6. HP: 21/67 MP: 6/6
  2632 | D:3      | Found a transporter.
  2633 | D:3      | Found a transporter.
  2633 | D:3      | Noticed ritesign's ghost (amateur KoMo)
  2633 | D:3      | Identified the +5 great mace of the Hummingbird {heavy, Fly
                  | Dex+4}
  2763 | D:3      | Noticed Ijyb
  2773 | D:3      | Noticed Robin
  2779 | D:3      | Killed Ijyb
  2787 | D:3      | Killed Robin
  3078 | D:3      | Found a white marble altar of Elyvilon.
  3364 | D:3      | Reached skill level 5 in Maces & Flails
  3700 | D:4      | Noticed Dowan
  3732 | D:4      | Killed Dowan
  3774 | D:4      | Noticed Duvessa
  3794 | D:4      | Killed Duvessa
  3795 | D:4      | Reached XP level 7. HP: 35/76 MP: 7/7
  4815 | D:5      | Entered Level 5 of the Dungeon
  4882 | D:5      | Reached XP level 8. HP: 53/88 MP: 8/8
  5022 | D:5      | Found Koats's Vocational Training.
  5618 | D:5      | Found a radiant altar of Vehumet.
  7141 | D:6      | Noticed Blork the orc
  7147 | D:5      | Killed Blork the orc
  7166 | D:6      | Noticed Menkaure
  7173 | D:6      | Killed Menkaure
  7174 | D:6      | Reached XP level 9. HP: 79/100 MP: 9/9
  7876 | D:6      | Reached skill level 10 in Fighting
  8215 | D:6      | Found a staircase to the Ecumenical Temple.
  8241 | Temple   | Entered the Ecumenical Temple
  8425 | Temple   | Became a worshipper of the Shining One
  8489 | D:7      | Reached skill level 10 in Maces & Flails
  9411 | D:7      | Reached XP level 10. HP: 40/103 MP: 10/10
  9858 | D:7      | Reached * piety under the Shining One
  9954 | D:7      | Identified the +3 hammer "Sarghal" {pain, rPois Str+5 Dex-5
                  | Stlth+}
 10296 | D:7      | You fall into a shaft and drop 3 floors!
 10296 | D:10     | Entered Level 10 of the Dungeon
 10336 | D:10     | Found an iron altar of Okawaru.
 10425 | D:10     | Found a shadowy altar of Dithmenos.
 10488 | D:10     | HP: 5/108 [killer bee (7)]
 10490 | D:10     | Slain by a killer bee

Illustrated notes

Levels and vault maps discovered:
D:1:      scummos_arrival_checkerplants, layout_rooms
D:2:      layout_loops_cross, basic_altar
D:3:      layout_loops_ring, mainiacjoe_overflow_alcove_2, portal_sewer_entry_b,
          gammafunk_ghost_smash, nicolae_goblin_pals
D:4:      kennysheep_goblin_castle, layout_rooms,
          minmay_fractal_squares_gapless_5, uniq_duvessa
D:5:      minmay_opposing_rooms, layout_layer_cave,
          nicolae_overflow_crystal_walls, nicolae_shop_vocational
D:6:      layout_loops_cross, minmay_temple_entry_nine_rooms,
          serial_park_tiny_1, corexii_shack, fountainhead, uniq_menkaure,
          uniq_blork_the_orc
D:7:      layout_rooms, kennysheep_decorative_pillar, uniq_crazy_yiuf_cottage
D:10:     layout_roguey, lemuel_crystal_altar, lemuel_doored_altar,
          trove_entry_hex_spiral
Temple:   bh_familiar_temple

Skill      XL: |  1  2  3  4  5  6  7  8  9 10 |
---------------+-------------------------------+-----
Maces & Flails | 2 3 4 5 6 8 10 11 | 11.0
Fighting       | 5 6 7 9 11 | 11.6
Dodging        | |  2.6
Shields        | |  3.0

Action                     |  1- 3 |  4- 6 |  7- 9 | 10-12 || total
---------------------------+-------+-------+-------+-------++-------
  Melee: Flail             |   126 |   280 |   111 |       ||   517
         Morningstar       |       |       |   251 |    70 ||   321
  Evoke: Wand              |       |       |       |     1 ||     1
    Use: Scroll            |       |     7 |     4 |     1 ||    12
         Potion            |       |     3 |     3 |     2 ||     8
 Armour: Robe              |    38 |    94 |    71 |     8 ||   211
         Skin              |       |    16 |     9 |       ||    25
  Dodge: Dodged            |    60 |   112 |   145 |    29 ||   346
  Block: Kite shield       |    75 |   139 |   187 |    31 ||   432
